 Dungeon Crawl Stone Soup version 0.28.0 (webtiles) character file.

Game seed: 12967004205295196271

168 pkoi the Conjurer (level 5, 0/38 HPs)
             Began as a Draconian Conjurer on Feb 15, 2022.
             Slain by Grinder (7 damage)
             ... on level 3 of the Dungeon.
             The game lasted 00:03:00 (3220 turns).

pkoi the Conjurer (Draconian Conjurer)              Turns: 3220, Time: 00:03:01

Health: 0/38       AC:  5    Str:  9    XL:     5   Next: 24%
Magic:  6/8        EV: 12    Int: 21    God:
Gold:   60         SH:  0    Dex:  9    Spells: 1/8 levels left

rFire   . . .      SeeInvis .   b - +1 dagger (holy)
rCold   . . .      Faith    .   (no shield)
rNeg    . . .      Spirit   .   (armour unavailable)
rPois   .          Reflect  .   (helmet restricted)
rElec   .          Harm     .   (no cloak)
rCorr   .          Rampage  .   (no gloves)
Will    .....                   (no boots)
Stlth   ++........              (no amulet)
HPRegen 0.12/turn               (no ring)
MPRegen 0.11/turn               (no ring)

@: no status effects
A: AC +5, unfitting armour, cold-blooded
a: no special abilities


You were on level 3 of the Dungeon.
You visited 1 branch of the dungeon, and saw 3 of its levels.

You collected 60 gold pieces.

Inventory:

Hand Weapons
 a - a +0 short sword
 b - a +1 dagger of holy wrath (weapon)
 g - a +0 whip of venom
Scrolls
 c - a scroll of fear {unknown}
 e - a scroll of identify {unknown}
Potions
 f - a potion of ambrosia {unknown}
 h - a potion of haste {unknown}


   Skills:
 - Level 1.7 Dodging
 - Level 1.7 Stealth
 - Level 2.0 Spellcasting
 + Level 6.6 Conjurations


You had one spell level left.
You knew the following spells:

 Your Spells              Type           Power      Damage    Failure   Level
a - Magic Dart            Conj           100%       1d8       1%          1
b - Searing Ray           Conj           58%        2d6       1%          2
c - Iskenderun's Mystic   Conj/Tloc      16%        2d5       36%         4

Your spell library contained the following spells:

 Spells                   Type           Power      Damage    Failure   Level
 Dazzling Flash           Conj/Hex       32%        N/A       12%         3
 Fulminant Prism          Conj/Hex       8%         3d7       36%         4
 Ozocubu's Armour         Ice            2%         N/A       41%         3
 Ozocubu's Refrigeration  Ice            1%         4d5       100%        7


Dungeon Overview and Level Annotations

Branches:
Dungeon (3/15)

Altars:

Annotations:
D:3 Grinder, Natasha


Innate Abilities, Weirdness & Mutations

Your plain brown scales are hard. (AC +5)
You cannot fit into any form of body armour.
You are cold-blooded and may be slowed by cold attacks.


Message History

* * * LOW HITPOINT WARNING * * *
You barely miss Grinder.
You tail-slap Grinder, but do no damage.
Grinder is heavily wounded.
Grinder hits you.
* * * LOW HITPOINT WARNING * * *
You writhe in agony.
* * * LOW HITPOINT WARNING * * *
Natasha, Servant of Life and Death comes into view.
You closely miss Grinder.
Grinder is heavily wounded.
Grinder hits you.
* * * LOW HITPOINT WARNING * * *
You writhe in agony.
* * * LOW HITPOINT WARNING * * *
Unknown command.
Unknown command.
Aiming: Magic Dart (safe; 1% risk of failure)
Press: ? - help, Q - select action, (/) - cycle Shift-Dir - straight line, f/p - Grinder
Aim: Grinder (heavily wounded, 100% to hit)
The magic dart hits Grinder!
Grinder is severely wounded.
Grinder blinks!
Aiming: Magic Dart (safe; 1% risk of failure)
Press: ? - help, Q - select action, (/) - cycle Shift-Dir - straight line, f/p - Grinder
Aim: Grinder (severely wounded, 100% to hit)
The magic dart hits Grinder.
Grinder is almost dead.
Unknown command.
It was a potion of magic.
Magic courses through your body.
Grinder blinks!
Casting: Magic Dart (safe; 1% risk of failure)
Confirm with . or Enter, or press ? or * to list all spells.
Aiming: Searing Ray (safe; 1% risk of failure)
Press: ? - help, Shift-Dir - straight line, f/p - Grinder
Aim: Grinder (severely wounded, 77% to hit)
The searing ray hits Grinder.
Grinder is almost dead. (Press . to maintain the ray.) Grinder hits you!
You die...

..#.###..# #...........
...[)))#.###...........#
###.##.....#...........#
#.###.##..............
#.# #..##........... #.#
##.....#........ #
#.#######.......... .#
#..............### ..#..
..........>...@.##......
.##......##.5..........
##..#..####..........
.......## ###....#)..
#####... ...### . #.##
..... .. ...#... .##
##.##... #.# ###


You could see Grinder.

Vanquished Creatures
  A scorpion (D:3)
  An orc priest (D:3)
  A gnoll (D:1)
  An ufetubus (D:2)
  A worm (D:3)
  2 dart slugs
  7 orcs
  3 bats
  4 endoplasms
  A giant cockroach (D:3)
  6 hobgoblins
  6 kobolds
  A quokka (D:1)
  A ball python (D:2)
  A frilled lizard (D:2)
  7 goblins
  3 rats
47 creatures vanquished.

Notes
Turn   | Place    | Note
-------+----------+-------------------------------------------
     0 | D:1      | pkoi the Draconian Conjurer began the quest for the Orb.
     0 | D:1      | Reached XP level 1. HP: 14/14 MP: 3/3
   223 | D:1      | Reached XP level 2. HP: 14/20 MP: 3/5
   959 | D:1      | Reached skill level 5 in Conjurations
   959 | D:1      | Reached XP level 3. HP: 26/26 MP: 0/6
  2030 | D:2      | Found a faded altar of an unknown god.
  2087 | D:2      | Learned a level 2 spell: Searing Ray
  2723 | D:3      | Reached XP level 4. HP: 33/33 MP: 5/7
  2729 | D:3      | Learned a level 4 spell: Iskenderun's Mystic Blast
  2908 | D:3      | Noticed a scorpion
  2921 | D:3      | Killed a scorpion
  2922 | D:3      | Reached skill level 6 in Conjurations
  2922 | D:3      | Reached XP level 5. HP: 35/38 MP: 0/8
  3195 | D:3      | Noticed Grinder
  3198 | D:3      | Paralysed by Grinder for 5 turns
  3215 | D:3      | Noticed Natasha
  3220 | D:3      | Slain by Grinder

Illustrated notes

Levels and vault maps discovered:
D:1:      dpeg_arrival_line_fractal, layout_basic
D:2:      layout_basic, chequers_ecumenical_altar_simple, st_stairs_14
D:3:      layout_rooms, uniq_natasha, uniq_grinder, uniq_robin

Skill      XL: |  1  2  3  4 |
---------------+-------------+-----
Conjurations   | 5 6 |  6.6
Dodging        | |  1.7
Stealth        | |  1.7
Spellcasting   | |  2.0

Action                   |  1- 3 |  4- 6 || total
-------------------------+-------+-------++-------
Melee: Short sword       |     8 |       ||     8
       Whip              |    17 |     1 ||    18
       Tailslap          |     6 |     1 ||     7
       Dagger            |       |     3 ||     3
 Cast: Magic Dart        |    64 |    21 ||    85
       Searing Ray       |     1 |     5 ||     6
  Use: Potion            |       |     1 ||     1
Armor: Skin              |     8 |     4 ||    12
Dodge: Dodged            |    36 |     5 ||    41
